 Dungeon Crawl Stone Soup version 0.31-a0-986-g5e6e4ef867 (webtiles) character file.

Game seed: 11585189173527188931

2 avis the Changeling (level 1, 9/9 HPs)
             Began as a Felid Shapeshifter on Nov 7, 2023.
             Got out of the dungeon alive.
             The game lasted 00:01:46 (111 turns).

avis the Changeling (Felid Shapeshifter)             Turns: 111, Time: 00:01:47

Health: 9/9        AC:  1    Str: 10    XL:     1   Next: 25%
Magic:  2/2        EV: 17    Int: 11    God:
Gold:   25         SH:  0    Dex: 15    Spells: 0/0 levels left
                                        Lives:  0   Deaths: 1

rFire   . .          .
                       - Unarmed
rCold   . . .        (shield unavailable)
rNeg    . . .        (body armour unavailable)
rPois   .            (helmet unavailable)
rElec   .            (cloak unavailable)
rCorr   .            (gloves unavailable)
SInv    +            (boots unavailable)
Will    .....        (no amulet)
Stlth   +            (no ring)
HPRegen 0.21/turn    (no ring)
MPRegen 0.08/turn

%: no passive effects
@: beast-form, quick
A: beast (slay +1), very small, claws 1, fangs 3, see invisible, speed 1, shaggy
fur 1, stealthy paws, no weapons or thrown items, no armour, multi-lived
a: Begin Untransformation


You escaped.
You were a hulking beast.
You visited 1 branch of the dungeon, and saw 1 of its levels.

You collected 25 gold pieces.

Inventory:

Talismans
 b - a beast talisman
 c - a flux talisman
Potions
 a - a potion of lignification
 d - a potion of brilliance {unknown}
 e - 2 potions of mutation {unknown}


   Skills:
 - Level 1.0 Fighting
 - Level 2.6 Dodging
 - Level 3.0 Unarmed Combat
 * Level 3.4 Shapeshifting


You couldn't memorise any spells.
You didn't know any spells.
Your spell library was empty.

Dungeon Overview and Level Annotations

Branches:
Dungeon (1/15)

Altars:


Innate Abilities, Weirdness & Mutations

You are a hulking beast.
Your limbs bulge with bestial killing power. (Slay +1)
You have sharp claws.
You have razor-sharp teeth.
You have supernaturally acute eyesight. (SInv)
You cover ground quickly. (Speed+)
You are covered in fur. (AC +1)
Your paws help you pounce on unaware monsters.
You are incapable of wielding weapons or throwing items.
You cannot wear armour.
You gain extra lives every three experience levels.


Message History

A kobold comes into view. It is wielding a +0 club.
The kobold shouts!
A rat comes into view.
The dart slug launches a dart at you. The slug dart hits you.
The kobold attacks as it pursues you! The kobold hits you with a +0 club.
* * * LOW HITPOINT WARNING * * *
The kobold attacks as it pursues you! The kobold hits you with a +0 club.
You die...
Your shape twists and changes as you die.
You rejoin the land of the living...
Found 6 poisoned darts and 15 gold pieces.
You see here 6 poisoned darts.
You now have 25 gold pieces (gained 15).
Found a stone staircase leading down.
A kobold and a goblin come into view.
The kobold shouts!
The goblin shouts!
The kobold moves out of view.
You scratch the goblin.
The goblin is moderately wounded.
The goblin hits you with a +0 club.
You claw the goblin!
You kill the goblin!
The kobold throws a stone.
The stone barely misses you.
You see here a +0 club.
A ball python comes into view.
The ball python hisses angrily.
Found a book of Geomancy.
A kobold comes into view. It is wielding a +0 short sword.
The ball python closely misses you. The ball python grabs you.
The ball python constricts you.
You escape the ball python's grasp.
An endoplasm comes into view.
The endoplasm quivers.
Found an escape hatch in the floor.
A ball python comes into view.
The ball python hisses angrily.
There is a staircase leading out of the dungeon here.
You can't go down here!
You have escaped!

#.######..#######
#................
#.##..#.#>##..##
#.....##.## .....#
#.##.##### ##..# #.>###
###>..### #.##.##
#####.##....# ##
#.....###.##S....##.##
#:
#.##..##>#h#..##.##..#
#.
#..........SS....##..##
#.
#########........K....##
#. #############K.###.
##...K. #####. #.. #.#
#.#


You could see 2 ball pythons and a kobold.

Vanquished Creatures
  A goblin (D:1)
  2 rats (D:1)
3 creatures vanquished.

Notes
Turn   | Place    | Note
-------+----------+-------------------------------------------
     0 | D:1      | avis the Felid Shapeshifter began the quest for the Orb.
     0 | D:1      | Reached XP level 1. HP: 9/9 MP: 2/2
    66 | D:1      | Slain by a kobold
   111 | D:$      | Got out of the dungeon alive.

Illustrated notes

Levels and vault maps discovered:
D:1:      onia_arrival_handbag, layout_basic,
          hellmonk_ecumenical_altar_inner_sanctum, palyth_stone_intersect

Action                     || total
---------------------------++-------
  Melee: Unarmed           ||     5
   Stab: Sleeping          ||     1
 Armour: Skin              ||     5
  Dodge: Dodged            ||     5

Table legend: (Time is in decaauts)
 A = Elapsed time spent in this place.
 B = Non-inter-level travel time spent in this place.
 C = Inter-level travel time spent in this place.
 D = Time resting spent in this place.
 E = Time spent auto-exploring this place.
 F = Levels seen in this place.
 G = Mean time per level.
                   A        B        C        D        E       F      G
               +--------+--------+--------+--------+--------+-----+--------+
         Total |     90 |     90 |      0 |      0 |     33 |   1 |   90.0 |
       Dungeon |     90 |     90 |      0 |      0 |     33 |   1 |   90.0 |
               +--------+--------+--------+--------+--------+-----+--------+

Top non-repeatable levels by time:
     D:1: 90 daAuts
